 Dungeon Crawl Stone Soup version 0.28.0-53-g5a82cb258f (webtiles) character file.

Game seed: 8603156218022542817

20237 Iqoqi the Thaumaturge (level 12, -20/72 HPs)
             Began as a Deep Elf Conjurer on July 25, 2022.
             Was an Initiate of Gozag.
             Killed from afar by an oklob plant (28 damage)
             ... with a splash of acid
             ... on level 1 of the Lair of Beasts.
             The game lasted 00:53:24 (19259 turns).

Iqoqi the Thaumaturge (Deep Elf Conjurer)          Turns: 19259, Time: 00:53:24

Health: -20/72     AC:  3    Str:  6    XL:     12   Next: 43%
Magic:  27/31      EV: 16    Int: 33    God:    Gozag
Gold:   796        SH:  0    Dex: 13    Spells: 19/38 levels left

rFire   . . .      SeeInvis .   Q - staff of conjuration
rCold   + . .      Faith    .   (no shield)
rNeg    . . .      Spirit   .   H - +0 robe {rC+}
rPois   .          Reflect  .   A - +0 helmet
rElec   .          Harm     .   (no cloak)
rCorr   .          Rampage  .   K - +2 pair of gloves {hurl}
Will    +....                   o - +0 pair of boots
Stlth   ++........              (no amulet)
HPRegen 0.22/turn               w - +6 ring of intelligence
MPRegen 0.22/turn               (no ring)

@: corroded, hasted, very quick
A: no striking features
a: Renounce Religion, Potion Petition, Call Merchant, Bribe Branch


You were on level 1 of the Lair of Beasts.
You worshipped Gozag.
Gozag was pleased with you.
You visited 3 branches of the dungeon, and saw 14 of its levels.

You collected 918 gold pieces.
You paid 122 gold pieces to Gozag.

Inventory:

Hand Weapons
 d - a +0 dagger
 n - a +0 short sword of venom
 q - a +2 dagger of venom
Missiles
 e - 425 stones
Armour
 a - a +0 robe
 o - a +0 pair of boots (worn)
 u - a +0 pair of gloves
 A - a +0 helmet (worn)
 H - a +0 robe of cold resistance (worn)
 K - a +2 pair of gloves of hurling (worn)
Magical Staves
 i - a staff of earth
 M - a staff of fire
 Q - a staff of conjuration (weapon)
Jewellery
 w - a +6 ring of intelligence (left hand)
 C - a ring of fire
 E - a ring of resist corrosion
 N - a ring of flight
 O - a +6 ring of strength
Wands
 v - a wand of iceblast (23)
 D - a wand of mindburst (17)
 G - a wand of charming (11)
 I - a wand of paralysis (8)
 R - a wand of flame (10)
Scrolls
 g - 2 scrolls of magic mapping
 h - 4 scrolls of blinking {unknown}
 m - 4 scrolls of amnesia {unknown}
 r - 2 scrolls of enchant armour {unknown}
 s - 4 scrolls of teleportation {unknown}
 t - 4 scrolls of vulnerability {unknown}
 y - a scroll of enchant weapon {unknown}
 B - a scroll of fear {unknown}
 F - 8 scrolls of identify
 P - 2 scrolls of fog {unknown}
 S - a scroll of noise {unknown}
 T - a scroll of immolation {unknown}
Potions
 b - 3 potions of flight
 c - 3 potions of curing
 j - a potion of haste
 k - a potion of lignification
 l - a potion of resistance {unknown}
 p - 2 potions of brilliance
 x - 2 potions of magic
 z - 2 potions of attraction
 J - a potion of experience {unknown}
 L - a potion of invisibility {unknown}
 U - a potion of mutation {unknown}


   Skills:
 + Level 7.1 Fighting
 + Level 10.6 Dodging
 - Level 2.4 Stealth
 + Level 13.7 Spellcasting
 - Level 12.0 Conjurations
 - Level 10.0 Hexes
 - Level 5.0 Translocations


You had 19 spell levels left.
You knew the following spells:

 Your Spells              Type           Power      Damage    Failure   Level
a - Magic Dart            Conj           100%       1d8       0%          1
b - Dazzling Flash        Conj/Hex       100%       N/A       1%          3
c - Fulminant Prism       Conj/Hex       48%        3d21      1%          4
d - Iskenderun's Mystic   Conj/Tloc      87%        2d17      1%          4
e - Tukima's Dance        Hex            73%        N/A       1%          3
f - Passage of Golubria   Tloc           53%        N/A       2%          4

Your spell library contained the following spells:

 Spells                   Type           Power      Damage    Failure   Level
 Animate Skeleton         Necr           44%        N/A       1%          1
 Apportation              Tloc           100%       N/A       1%          1
 Sandblast                Erth           44%        2d11      1%          1
 Slow                     Hex            100%       N/A       1%          1
 Summon Small Mammal      Summ           88%        N/A       1%          1
 Searing Ray              Conj           100%       2d8       1%          2
 Stone Arrow              Conj/Erth      100%       3d13      1%          3
 Passwall                 Tmut/Erth      18%        N/A       3%          2
 Ignite Poison            Fire/Tmut/Pois 22%        N/A       6%          3
 Ozocubu's Armour         Ice            22%        N/A       6%          3
 Metabolic Englaciation   Hex/Ice        26%        N/A       7%          5
 Silence                  Hex/Air        26%        N/A       7%          5
 Yara's Violent Unravell  Hex/Tmut       26%        3d11      7%          5
 Spellforged Servitor     Conj/Summ      38%        N/A       80%         7
 Simulacrum               Ice/Necr       11%        N/A       96%         6


Dungeon Overview and Level Annotations

Branches:
Dungeon (12/15)            Temple (1/1) D:5            Lair (1/6) D:11
    Orc (0/2) D:9

Altars:
Ashenzari
Cheibriados
Dithmenos
Elyvilon
Fedhas
Gozag
Hepliaklqana
Kikubaaqudgha
Makhleb
Nemelex Xobeh
Okawaru
Qazlal
Ru
Sif Muna
Trog
Uskayaw
Vehumet
Wu Jian
Xom
Yredelemnul
Zin
The Shining One

Shops:
D:3 :

Annotations:
D:3 2 transporters, Manslay's ghost, amateur OpCj
D:7 1 runed translucent door, NiggerDarts's ghost, novice OpAE
D:8 1 exclusion, Erica
D:10 1 runed translucent door, NiggerDarts's ghost, journeyman HuFE
D:12 Rupert
Lair:1 exclusion: oklob plant


Message History

The acid corrodes your fulminant prism!
Unknown command.
Casting: Magic Dart (safe; 0% risk of failure)
Confirm with . or Enter, or press ? or * to list all spells.
Aiming: Magic Dart (safe; 0% risk of failure)
Press: ? - help, Shift-Dir - straight line, f/p - komodo dragon
Aim: a komodo dragon (100% to hit)
You feel a surge of power!
The magic dart hits the komodo dragon but does no damage.
A six-headed hydra comes into view.
Your fulminant prism explodes!
The blast of energy engulfs the komodo dragon!
The komodo dragon is moderately wounded.
The six-headed hydra bites you! The six-headed hydra barely misses you.
The six-headed hydra misses you.
The six-headed hydra bites you but does no damage. x2
The six-headed hydra bites you!
Found a falchion.
The komodo dragon bites you!!
You feel yourself speed up. The komodo dragon bites you!
You feel much better. The komodo dragon bites you!!
* * * LOW HITPOINT WARNING * * *
Really walk into a travel-excluded area?
Found a war axe and a dyed leather armour.
The oklob plant spits acid at you. The splash of acid hits you!!
* * * LOW HITPOINT WARNING * * *
The acid corrodes you!
Okay, then.
You feel much better.
Okay, then.
You feel much better. The komodo dragon bites you!!
* * * LOW HITPOINT WARNING * * *
Okay, then.
Okay, then.
Found an escape hatch in the floor.
The komodo dragon barely misses you. The oklob plant spits acid at you.
The splash of acid hits you!!
You die...
Your body crumbles into a pile of gold.

##### #...#
##.#.# ##..#<#
#Dl#...#
###.###.##..##
#.....@.)......
###>...........
#...........#.#
##)...#..(....#
#........P..#
#...[..#.....
#.^.......#.#
#...P... .#


You could see a six-headed hydra, an oklob plant and a komodo dragon.

Vanquished Creatures
  Kirke (D:12)
  A hydra (D:9)
  Erolcha (D:11)
  4 two-headed ogres
  Urug (D:12)
  Nergalle (D:11)
  Pikel (D:8)
  A deep elf pyromancer (D:12)
  An ugly thing (D:8)
  A cyclops (D:12)
  2 gargoyles
  6 kobold demonologists
  An unseen horror (D:12)
  2 trolls
  A slime creature (D:12)
  A dancing weapon (D:9)
  A shadow (D:10)
  3 wyverns
  5 hogs (D:12)
  2 basilisks (D:12)
  21 yaks
  A steam dragon (D:7)
  8 vampire mosquitoes
  An acid dragon (D:11)
  3 orc warriors
  A black bear (D:7)
  A sky beast (D:5)
  8 centaurs
  3 lemures (D:8)
  3 kobold brigands
  4 bullfrogs
  3 scorpions
  A wyvern zombie (D:7)
  3 wyvern skeletons (D:6)
  2 water moccasin skeletons (D:5)
  2 wights (D:8)
  12 killer bees
  An oklob sapling (D:5)
  A howler monkey (D:12)
  A centaur zombie (D:5)
  2 hounds
  2 jellies
  3 orc priests
  A bullfrog skeleton (D:5)
  A centaur skeleton (D:7)
  4 orc wizards
  4 iguanas
  2 hound skeletons
  3 howler monkey zombies
  4 gnolls (D:4)
  6 adders
  A howler monkey skeleton (D:7)
  A shadow imp (D:7)
  4 white imps
  A worm (D:2)
  6 dart slugs
  42 orcs
  5 bats
  7 endoplasms
  3 giant cockroaches
  10 goblins
  4 hobgoblins
  8 jackals
  3 quokkas
  5 ball pythons
  4 frilled lizards
  20 kobolds
  8 rats
  3 fulminant prisms
284 creatures vanquished.

Vanquished Creatures (collateral kills)
  A two-headed ogre (D:10)
  An orc warrior (D:10)
  2 wights (D:8)
4 creatures vanquished.

Vanquished Creatures (others)
  A dancing weapon (D:12)
  2 humans (D:12)
  An orc (D:9)
  158 fulminant prisms
  23 plants (D:5)
185 creatures vanquished.

Grand Total: 473 creatures vanquished

Notes
Turn   | Place    | Note
-------+----------+-------------------------------------------
     0 | D:1      | Iqoqi the Deep Elf Conjurer began the quest for the Orb.
     0 | D:1      | Reached XP level 1. HP: 10/10 MP: 6/6
   404 | D:1      | Reached XP level 2. HP: 15/15 MP: 5/8
   628 | D:1      | Reached skill level 5 in Conjurations
   925 | D:1      | Reached XP level 3. HP: 19/19 MP: 7/10
  1353 | D:1      | Learned a level 3 spell: Dazzling Flash
  1653 | D:2      | Found a faded altar of an unknown god.
  1787 | D:2      | Reached skill level 1 in Hexes
  1855 | D:2      | Reached skill level 4 in Spellcasting
  1884 | D:2      | Reached XP level 4. HP: 24/24 MP: 8/12
  2564 | D:3      | Found a transporter.
  2566 | D:3      | Noticed Manslay's ghost (amateur OpCj)
  2583 | D:3      | Found Kysenom's Book Shoppe.
  2683 | D:3      | Found a transporter.
  2801 | D:3      | Found a basalt altar of Yredelemnul.
  2804 | D:3      | Found a snail-covered altar of Cheibriados.
  2807 | D:3      | Found a hazy altar of Hepliaklqana.
  2810 | D:3      | Found a shimmering blue altar of Sif Muna.
  3218 | D:4      | Learned a level 4 spell: Fulminant Prism
  3633 | D:4      | Reached XP level 5. HP: 28/28 MP: 8/13
  4088 | D:4      | Reached skill level 5 in Spellcasting
  4088 | D:4      | Reached XP level 6. HP: 29/32 MP: 8/15
  4369 | D:4      | Learned a level 4 spell: Iskenderun's Mystic Blast
  4373 | D:4      | Learned a level 3 spell: Tukima's Dance
  4713 | D:5      | Entered Level 5 of the Dungeon
  4726 | D:5      | Noticed a sky beast
  4986 | D:5      | Reached skill level 1 in Translocations
  5236 | D:5      | Reached XP level 7. HP: 34/36 MP: 10/17
  5394 | D:4      | Reached skill level 6 in Spellcasting
  5901 | D:5      | Found a staircase to the Ecumenical Temple.
  6454 | Temple   | Entered the Ecumenical Temple
  6774 | D:6      | Reached skill level 5 in Hexes
  6861 | D:6      | Reached XP level 8. HP: 31/41 MP: 12/19
  6959 | D:6      | Learned a level 4 spell: Passage of Golubria
  7326 | D:5      | Reached skill level 7 in Spellcasting
  9752 | D:7      | Reached XP level 9. HP: 33/45 MP: 10/22
  9898 | D:7      | Found a blossoming altar of Fedhas.
 10059 | D:7      | Reached skill level 8 in Spellcasting
 10271 | D:7      | Noticed NiggerDarts's ghost (novice OpAE)
 10311 | D:7      | Found a runed translucent door.
 10632 | D:7      | Reached skill level 10 in Conjurations
 10885 | D:8      | Reached skill level 5 in Translocations
 11425 | D:8      | Reached skill level 1 in Fighting
 11562 | D:8      | Noticed Erica
 11636 | D:8      | Noticed a cyan ugly thing
 11883 | D:8      | Killed a cyan ugly thing
 11994 | D:8      | Noticed Pikel
 12009 | D:8      | Killed Pikel
 12010 | D:8      | Reached skill level 9 in Spellcasting
 12366 | D:9      | Noticed a two-headed ogre
 12378 | D:9      | Killed a two-headed ogre
 12379 | D:9      | Reached XP level 10. HP: 54/54 MP: 5/25
 12603 | D:9      | Got Sif Muna's Tome of Creative Intoxication
 12773 | D:9      | Reached skill level 5 in Dodging
 13150 | D:9      | Found a radiant altar of Vehumet.
 13168 | D:9      | Noticed a six-headed hydra
 13384 | D:9      | Found a staircase to the Orcish Mines.
 13516 | D:9      | Killed a six-headed hydra
 13517 | D:9      | Reached skill level 10 in Spellcasting
 13677 | D:9      | Noticed a two-headed ogre
 13691 | D:9      | Killed a two-headed ogre
 13875 | D:9      | Noticed a soul eater
 14200 | D:9      | Reached XP level 11. HP: 61/61 MP: 14/27
 14383 | D:9      | Found a shimmering altar of Xom.
 14549 | D:10     | Entered Level 10 of the Dungeon
 14585 | D:9      | Noticed a two-headed ogre
 14952 | D:10     | Reached skill level 10 in Hexes
 15129 | D:10     | Reached skill level 11 in Spellcasting
 15219 | D:10     | Found a runed translucent door.
 15223 | D:10     | Noticed NiggerDarts's ghost (journeyman HuFE)
 15241 | D:10     | Found a burning altar of Makhleb.
 15244 | D:10     | Found an ornate altar of the Wu Jian Council.
 15295 | D:10     | Found an opulent altar of Gozag.
 15336 | D:10     | Noticed a two-headed ogre
 15393 | D:10     | Killed a two-headed ogre
 15580 | D:10     | Became a worshipper of Gozag Ym Sagoz the Greedy
 15615 | D:10     | Noticed a two-headed ogre
 15640 | D:10     | Killed a two-headed ogre
 15641 | D:10     | Reached skill level 5 in Fighting
 15730 | D:10     | Found a stormy altar of Qazlal.
 15831 | D:10     | Noticed a two-headed ogre
 15851 | D:10     | Killed a two-headed ogre
 15994 | D:10     | Found a white marble altar of Elyvilon.
 16266 | D:11     | Noticed Erolcha
 16508 | D:11     | Found a staircase to the Lair.
 16531 | D:11     | Reached skill level 12 in Spellcasting
 16673 | D:11     | Killed Erolcha
 17325 | D:11     | Got Sif Muna's Collected Works on Execration
 17621 | D:12     | Noticed Kirke
 17632 | D:12     | Killed Kirke
 17633 | D:12     | Reached XP level 12. HP: 71/71 MP: 15/30
 17701 | D:12     | Noticed Nergalle
 18047 | D:12     | Noticed Urug
 18053 | D:12     | Reached skill level 13 in Spellcasting
 18058 | D:12     | Killed Urug
 18375 | D:12     | Reached skill level 10 in Dodging
 18489 | D:11     | Killed Nergalle
 19014 | D:12     | Noticed Rupert
 19245 | Lair:1   | Entered Level 1 of the Lair of Beasts
 19248 | Lair:1   | Noticed a six-headed hydra
 19255 | Lair:1   | HP: 2/72 [oklob plant/splash of acid (19)]
 19259 | Lair:1   | Killed from afar by an oklob plant

Illustrated notes

Levels and vault maps discovered:
D:1:      sevenhm_arrival_forest_fort_large_2, layout_basic
D:2:      layout_basic, shapermc_ecumenical_altar_hornbeckon
D:3:      layout_basic, grunt_temple_overflow_cloverleaf,
          gammafunk_ghost_mausoleum, serial_shops, nicolae_shop_behind_doors
D:4:      layout_loops_ring
D:5:      layout_rooms, minmay_temple_entry_oklob
D:6:      layout_basic
D:7:      layout_basic, mainiacjoe_overflow_alcove_4,
          hellmonk_ghost_happy_afterlife, serial_bayou_crossing
D:8:      layout_basic, uniq_erica, uniq_pikel
D:9:      layout_irregular_city, lemuel_coloured_pillars_altar,
          fiery_altar_vehumet, hiddenorc2_lemuel
D:10:     layout_roguey, kennysheep_little_box,
          mainiacjoe_overflow_small_starburst,
          gammafunk_temple_overflow_forgotten, ebering_ghost_reflecting_pool
D:11:     layout_rooms, lair_entry_dummy, uniq_erolcha
D:12:     layout_loops_ring, uniq_nergalle, uniq_kirke, uniq_urug, uniq_rupert
Temple:   cyrus_temple_forest
Lair:1:   layout_misc_corridors, dpeg_stationary_puzzle, grunt_megastairs_2

Skill      XL: |  1  2  3  4  5  6  7  8  9 10 11 12 |
---------------+-------------------------------------+-----
Conjurations   | 5 6 7 8 9 10 11 12 | 12.0
Hexes          | 1 2 3 4 5 6 8 9 10 | 10.0
Spellcasting   | 4 5 6 7 9 10 12 13 | 13.7
Translocations | 1 3 4 5 |  5.0
Fighting       | 2 4 6 7 |  7.1
Dodging        | 4 6 9 10 | 10.6
Stealth        | |  2.4

Action                   |  1- 3 |  4- 6 |  7- 9 | 10-12 || total
-------------------------+-------+-------+-------+-------++-------
Melee: Dagger            |       |     7 |     1 |     1 ||     9
       Punch             |       |       |     1 |       ||     1
       Staff             |       |       |       |     2 ||     2
 Cast: Magic Dart        |    72 |   116 |   172 |   161 ||   521
       Dazzling Flash    |     1 |     3 |     7 |     7 ||    18
       Fulminant Prism   |       |    13 |    46 |   102 ||   161
       Iskenderun's Myst |       |       |    10 |     5 ||    15
       Tukima's Dance    |       |       |     4 |    14 ||    18
       Passage of Golubr |       |       |     1 |       ||     1
Evoke: Wand              |       |       |     5 |     2 ||     7
  Use: Scroll            |       |     3 |     5 |     1 ||     9
       Potion            |       |       |     4 |     4 ||     8
 Stab: Invisible         |       |     1 |       |       ||     1
       Sleeping          |       |     1 |       |       ||     1
Armor: Robe              |     1 |    11 |    25 |    13 ||    50
Dodge: Dodged            |       |    28 |    89 |    53 ||   170
